General information
- name: BNet
- type: Ladder team game (AT/RT)
- host: Battle.net
- saver: DanielCormier
map: Feralas_LV
- players: 8
- length: 21:39
- speed: Fast
- version: 1.30 W3XP
- replay type: Public
» download(261 KB)
Players
team 1 (loser)
HaldaO (
purple | 109 APM | 2336 actions | 21:29)
5 Blademaster
2 Wind Walk
3 Critical Strike
4 Shadow Hunter
2 Hex
2 Healing Wave
» actions
| Assign group hotkey | 31 | |
| Basic commands | 12 | |
| Build / train | 77 | |
| Enter build submenu | 18 | |
| Enter hero's abilities submenu | 10 | |
| Give item / drop item | 1 | |
| Remove unit from queue | 2 | |
| Right click | 1077 | |
| Select / deselect | 218 | |
| Select group hotkey | 762 | |
| Use ability | 128 | |
2336 total
» units
| Peon | 10 | |
| Troll Batrider | 21 | |
| Wind Rider | 4 | |
35 total
» upgrades
| Ranged Weapons | 3 | |
| Liquid Fire | 1 | |
| Reinforced Defenses | 1 | |
| Envenomed Spears | 1 | |
6 total
» buildings
| Altar of Storms | 1 | |
| Orc Burrow | 4 | |
| Voodoo Lounge | 1 | |
| War Mill | 1 | |
| Stronghold | 1 | |
| Beastiary | 3 | |
| Fortress | 3 | |
| Great Hall | 1 | |
| Watch Tower | 7 | |
22 total
» build order
00:08 Altar of Storms
00:15 Orc Burrow
00:50 Voodoo Lounge
01:35 War Mill
02:09 Stronghold
02:29 Orc Burrow
03:41 Orc Burrow
04:40 Beastiary
04:41 Beastiary
04:45 Orc Burrow
04:49 Fortress
04:49 Fortress
04:49 Fortress
13:19 Great Hall
13:21 Watch Tower
13:40 Watch Tower
13:42 Watch Tower
13:44 Watch Tower
14:57 Watch Tower
14:58 Watch Tower
15:02 Watch Tower
18:44 Beastiary
» items
| Healing Salve | 3 | |
| Lesser Clarity Potion | 10 | |
| Boots of Speed | 1 | |
| Orb of Lightning | 1 | |
| Scroll of Town Portal | 2 | |
| Potion of Healing | 1 | |
18 total
DancingWolves (
yellow | 59 APM | 1271 actions | 21:34)
4 Priestess of the Moon
2 Searing Arrows
2 Trueshot Aura
» actions
| Basic commands | 1 | |
| Build / train | 56 | |
| Enter build submenu | 15 | |
| Enter hero's abilities submenu | 4 | |
| Right click | 831 | |
| Select / deselect | 337 | |
| Use ability | 27 | |
1271 total
» units
| Wisp | 18 | |
| Archer | 3 | |
| Huntress | 3 | |
| Dryad | 7 | |
| Chimaera | 8 | |
39 total
» upgrades
| Strength of the Wild | 3 | |
| Reinforced Hides | 1 | |
| Corrosive Breath | 1 | |
| Druid of the Claw Training | 1 | |
6 total
» buildings
| Altar of Elders | 1 | |
| Moon Well | 4 | |
| Ancient of War | 1 | |
| Tree of Ages | 1 | |
| Hunter's Hall | 1 | |
| Ancient of Lore | 2 | |
| Tree of Eternity | 1 | |
| Chimaera Roost | 2 | |
| Ancient of Wonders | 1 | |
| Tree of Life | 1 | |
15 total
» build order
00:19 Altar of Elders
00:33 Moon Well
00:46 Ancient of War
01:42 Moon Well
03:02 Moon Well
03:06 Tree of Ages
03:10 Hunter's Hall
04:09 Moon Well
05:35 Ancient of Lore
05:38 Ancient of Lore
06:16 Tree of Eternity
09:12 Chimaera Roost
09:17 Chimaera Roost
11:27 Ancient of Wonders
15:06 Tree of Life
» items
| Potion of Healing | 1 | |
| Orb of Venom | 1 | |
| Scroll of Town Portal | 2 | |
4 total
BluSkyBlakDeath (
blue | 64 APM | 1368 actions | 21:26)
5 Archmage
3 Summon Water Elemental
2 Brilliance Aura
1 Mountain King
1 Storm Bolt
» actions
| Basic commands | 147 | |
| Build / train | 68 | |
| Enter build submenu | 25 | |
| Enter hero's abilities submenu | 6 | |
| Give item / drop item | 1 | |
| Remove unit from queue | 8 | |
| Right click | 668 | |
| Select / deselect | 382 | |
| Use ability | 63 | |
1368 total
» units
| Peasant | 18 | |
| Footman | 3 | |
| Rifleman | 8 | |
| Priest | 3 | |
| Gryphon Rider | 6 | |
38 total
» upgrades
| Long Rifles | 1 | |
| Priest Training | 1 | |
| Storm Hammers | 1 | |
| Swords | 2 | |
5 total
» buildings
| Barracks | 1 | |
| Altar of Kings | 1 | |
| Farm | 10 | |
| Blacksmith | 1 | |
| Keep | 2 | |
| Arcane Vault | 1 | |
| Town Hall | 1 | |
| Arcane Sanctum | 1 | |
| Scout Tower | 1 | |
| Lumber Mill | 1 | |
| Castle | 1 | |
| Gryphon Aviary | 2 | |
| Guard Tower | 1 | |
24 total
» build order
00:08 Barracks
00:19 Altar of Kings
00:43 Farm
01:27 Farm
01:59 Blacksmith
02:08 Farm
02:56 Farm
03:19 Keep
03:20 Keep
03:44 Farm
03:53 Arcane Vault
04:48 Farm
05:37 Town Hall
06:52 Arcane Sanctum
07:10 Scout Tower
07:58 Lumber Mill
09:33 Farm
09:48 Castle
09:51 Gryphon Aviary
09:56 Gryphon Aviary
10:41 Guard Tower
10:45 Farm
11:58 Farm
12:45 Farm
» items
| Scroll of Regeneration | 3 | |
| Potion of Healing | 1 | |
4 total
Uhtred (
pink | 45 APM | 978 actions | 21:39)
5 Mountain King
1 Thunder Clap
1 Bash
3 Storm Bolt
2 Paladin
1 Holy Light
1 Divine Shield
» actions
| Assign group hotkey | 18 | |
| Basic commands | 6 | |
| Build / train | 72 | |
| Enter build submenu | 25 | |
| Enter hero's abilities submenu | 8 | |
| Give item / drop item | 2 | |
| Right click | 290 | |
| Select / deselect | 215 | |
| Select group hotkey | 252 | |
| Use ability | 90 | |
978 total
» units
| Peasant | 16 | |
| Rifleman | 5 | |
| Mortar Team | 6 | |
27 total
» upgrades
| Gunpowder | 3 | |
| Armor | 2 | |
| Masonry | 2 | |
| Long Rifles | 1 | |
| Lumber Harvesting | 1 | |
9 total
» buildings
| Farm | 7 | |
| Altar of Kings | 1 | |
| Blacksmith | 1 | |
| Barracks | 1 | |
| Scout Tower | 7 | |
| Arcane Tower | 2 | |
| Arcane Vault | 2 | |
| Keep | 1 | |
| Town Hall | 1 | |
| Lumber Mill | 1 | |
| Guard Tower | 6 | |
| Workshop | 1 | |
| Castle | 1 | |
32 total
» build order
00:32 Farm
00:39 Altar of Kings
01:15 Farm
01:18 Blacksmith
01:43 Barracks
01:55 Scout Tower
02:26 Arcane Tower
02:31 Farm
03:12 Farm
03:53 Arcane Vault
04:03 Keep
05:03 Town Hall
05:15 Lumber Mill
05:21 Scout Tower
05:51 Arcane Tower
06:06 Scout Tower
06:37 Arcane Vault
06:38 Guard Tower
08:15 Scout Tower
09:01 Guard Tower
09:04 Workshop
11:00 Scout Tower
11:21 Scout Tower
11:35 Guard Tower
11:39 Scout Tower
11:49 Guard Tower
12:18 Guard Tower
13:10 Guard Tower
14:32 Farm
15:19 Farm
16:14 Farm
17:23 Castle
» items
| Lesser Clarity Potion | 1 | |
| Scroll of Regeneration | 3 | |
| Ivory Tower | 5 | |
| Potion of Mana | 3 | |
| Potion of Healing | 1 | |
| Potion of Lesser Invulnerability | 1 | |
| Boots of Speed | 1 | |
| Scroll of Town Portal | 2 | |
17 total
team 2 (winner)
DanielCormier (
teal | 165 APM | 3578 actions | 21:39)
6 Tauren Chieftain
3 War Stomp
2 Endurance Aura
1 Reincarnation
5 Shadow Hunter
3 Hex
2 Healing Wave
» actions
| Assign group hotkey | 37 | |
| Basic commands | 308 | |
| Build / train | 83 | |
| ESC pressed | 1 | |
| Enter build submenu | 23 | |
| Enter hero's abilities submenu | 12 | |
| Right click | 1710 | |
| Select / deselect | 687 | |
| Select group hotkey | 610 | |
| Use ability | 106 | |
3578 total
» units
| Peon | 12 | |
| Troll Headhunter/Berserker | 24 | |
| Wind Rider | 7 | |
43 total
» upgrades
| Ranged Weapons | 2 | |
| Armor | 2 | |
| Troll Regeneration | 1 | |
| Berserker Upgrade | 1 | |
| Envenomed Spears | 1 | |
| Reinforced Defenses | 1 | |
8 total
» buildings
| Altar of Storms | 1 | |
| War Mill | 2 | |
| Barracks | 1 | |
| Orc Burrow | 3 | |
| Voodoo Lounge | 1 | |
| Stronghold | 1 | |
| Great Hall | 1 | |
| Fortress | 1 | |
| Watch Tower | 8 | |
| Beastiary | 2 | |
21 total
» build order
00:03 Altar of Storms
00:05 War Mill
00:26 Barracks
01:07 Orc Burrow
01:54 Voodoo Lounge
02:17 Orc Burrow
03:47 Stronghold
04:00 Orc Burrow
04:58 Great Hall
06:43 Fortress
10:54 Watch Tower
10:59 Watch Tower
11:55 Watch Tower
12:54 Beastiary
13:05 Watch Tower
14:01 Watch Tower
14:19 Watch Tower
14:57 Watch Tower
15:18 War Mill
16:20 Watch Tower
18:50 Beastiary
» items
| Healing Salve | 1 | |
| Lesser Clarity Potion | 1 | |
| Potion of Healing | 3 | |
| Potion of Mana | 5 | |
| Scroll of Town Portal | 3 | |
| Orb of Lightning | 1 | |
| Scroll of Speed | 1 | |
15 total
PauseTheGameBRB (
orange | 49 APM | 1055 actions | 21:39)
4 Archmage
2 Blizzard
2 Brilliance Aura
3 Paladin
2 Holy Light
1 Divine Shield
1 Keeper of the Grove
1 Force of Nature
» actions
| Assign group hotkey | 20 | |
| Basic commands | 10 | |
| Build / train | 51 | |
| ESC pressed | 1 | |
| Enter build submenu | 33 | |
| Enter hero's abilities submenu | 8 | |
| Right click | 423 | |
| Select / deselect | 276 | |
| Select group hotkey | 140 | |
| Use ability | 93 | |
1055 total
» units
| Peasant | 12 | |
| Footman | 6 | |
| Dragonhawk Rider | 6 | |
| Wisp | 5 | |
29 total
» upgrades
| Armor | 1 | |
| Lumber Harvesting | 1 | |
| Masonry | 2 | |
| Animal War Training | 1 | |
5 total
» buildings
| Altar of Kings | 1 | |
| Farm | 10 | |
| Barracks | 1 | |
| Scout Tower | 4 | |
| Arcane Tower | 1 | |
| Keep | 1 | |
| Lumber Mill | 1 | |
| Town Hall | 2 | |
| Castle | 1 | |
| Gryphon Aviary | 3 | |
| Blacksmith | 1 | |
| Arcane Vault | 1 | |
| Tree of Life | 2 | |
| Guard Tower | 1 | |
| Tree of Ages | 1 | |
| Ancient of War | 2 | |
| Hunter's Hall | 1 | |
| Moon Well | 1 | |
35 total
» build order
00:05 Altar of Kings
00:08 Farm
00:50 Barracks
01:13 Farm
02:04 Scout Tower
02:48 Arcane Tower
03:00 Farm
03:17 Keep
03:46 Lumber Mill
04:41 Town Hall
05:43 Farm
05:47 Castle
05:51 Farm
08:18 Gryphon Aviary
08:23 Gryphon Aviary
08:25 Gryphon Aviary
08:29 Blacksmith
10:00 Arcane Vault
12:16 Farm
12:19 Farm
12:30 Tree of Life
12:34 Tree of Life
13:01 Scout Tower
13:04 Scout Tower
13:07 Scout Tower
13:24 Farm
13:26 Farm
13:38 Guard Tower
14:06 Farm
17:27 Town Hall
19:03 Tree of Ages
19:06 Ancient of War
19:06 Ancient of War
19:15 Hunter's Hall
19:17 Moon Well
» items
| Scroll of Town Portal | 1 | |
| Potion of Healing | 1 | |
2 total

»
MountainKINGs (
green | 96 APM | 2087 actions | 21:39)
5 Dark Ranger
3 Black Arrow
2 Silence
4 Naga Sea Witch
2 Frost Arrows
2 Forked Lightning
3 Priestess of the Moon
1 Searing Arrows
2 Trueshot Aura
2 Goblin Alchemist
2 Chemical Rage
1 Keeper of the Grove
1 Entangling Roots
» actions
| Assign group hotkey | 40 | |
| Build / train | 91 | |
| Enter build submenu | 17 | |
| Enter hero's abilities submenu | 15 | |
| Give item / drop item | 2 | |
| Remove unit from queue | 1 | |
| Right click | 1454 | |
| Select / deselect | 362 | |
| Select group hotkey | 24 | |
| Use ability | 81 | |
2087 total
» units
| Wisp | 19 | |
| Archer | 8 | |
| Forest Troll Shadow Priest | 1 | |
| Dryad | 12 | |
| Druid of the Claw | 2 | |
42 total
» upgrades
| Strength of the Moon | 4 | |
| Ultravision | 1 | |
| Abolish Magic | 1 | |
| Druid of the Claw Training | 2 | |
| Strength of the Wild | 3 | |
| Mark of the Claw | 1 | |
| Reinforced Hides | 2 | |
| Well Spring | 1 | |
| Marksmanship | 1 | |
| Improved Bows | 1 | |
17 total
» buildings
| Moon Well | 9 | |
| Ancient of War | 1 | |
| Altar of Elders | 1 | |
| Ancient of Wonders | 1 | |
| Hunter's Hall | 1 | |
| Tree of Ages | 1 | |
| Tree of Life | 2 | |
| Tree of Eternity | 1 | |
| Ancient of Lore | 2 | |
19 total
» build order
01:16 Moon Well
01:19 Ancient of War
01:28 Altar of Elders
01:33 Moon Well
01:53 Ancient of Wonders
03:12 Moon Well
03:28 Hunter's Hall
04:01 Tree of Ages
05:24 Tree of Life
05:46 Moon Well
06:35 Tree of Eternity
08:00 Ancient of Lore
08:07 Ancient of Lore
10:32 Moon Well
12:21 Moon Well
12:22 Moon Well
12:22 Moon Well
13:00 Moon Well
14:57 Tree of Life
» items
| Moonstone | 1 | |
| Scroll of Town Portal | 1 | |
| Potion of Healing | 1 | |
| Boots of Speed | 1 | |
4 total
Habitant (
red | 52 APM | 559 actions | 10:49)
2 Keeper of the Grove
1 Entangling Roots
1 Force of Nature
1 Goblin Alchemist
1 Acid Bomb
» actions
| Assign group hotkey | 21 | |
| Basic commands | 29 | |
| Build / train | 31 | |
| ESC pressed | 3 | |
| Enter build submenu | 15 | |
| Enter hero's abilities submenu | 3 | |
| Right click | 284 | |
| Select / deselect | 130 | |
| Select group hotkey | 14 | |
| Use ability | 28 | |
559 total
» units
» upgrades
| Strength of the Wild | 1 | |
| Improved Bows | 1 | |
2 total
» buildings
| Altar of Elders | 1 | |
| Moon Well | 5 | |
| Ancient of War | 2 | |
| Ancient of Wonders | 1 | |
| Tree of Ages | 1 | |
| Ancient of Wind | 2 | |
| Hunter's Hall | 1 | |
13 total
» build order
00:06 Altar of Elders
00:09 Moon Well
01:17 Ancient of War
01:55 Ancient of War
02:05 Moon Well
03:07 Moon Well
03:18 Ancient of Wonders
03:39 Tree of Ages
06:06 Ancient of Wind
06:11 Ancient of Wind
06:50 Hunter's Hall
08:26 Moon Well
09:22 Moon Well
Chat log
(06:54 / Allies) PauseTheGameBRB: air
(06:56 / Allies) PauseTheGameBRB: go
(07:16 / Allies) MountainKINGs: TEAL
(07:30 / Allies) Habitant: gonna help here then ome
(09:14 / Allies) PauseTheGameBRB: told u to hit
(10:39 / Allies) Habitant: gg
(10:43 / All) Habitant: gg
(11:37 / All) DanielCormier: dude
(11:41 / Allies) DanielCormier: JUS7
(11:42 / Allies) DanielCormier: MAKE 7OWERS
(12:11 / Allies) MountainKINGs: GO GUYS
(12:12 / Allies) MountainKINGs: OMG
(15:06 / Allies) MountainKINGs: xpo oj
(16:47 / Allies) MountainKINGs: omg
(16:49 / Allies) MountainKINGs: go nooobs
(16:54 / Allies) MountainKINGs: oj
(17:17 / Allies) MountainKINGs: nooob
(19:16 / Allies) MountainKINGs: o0mg
(19:19 / Allies) MountainKINGs: guiys leave nooibs
(20:57 / Allies) MountainKINGs: wood plz